 Dungeon Crawl Stone Soup version 0.17-a0-146-gd505748 (webtiles) character file.

1145 Ngotmuk the Shield-Bearer (level 8, -5/114 HPs)
             Began as a Deep Dwarf Fighter on Mar 25, 2015.
             Was an Initiate of Ru.
             Killed from afar by a gargoyle (15 damage)
             ... with a stone arrow
             ... on level 5 of the Dungeon.
             The game lasted 00:13:56 (4321 turns).

Ngotmuk the Shield-Bearer (Deep Dwarf Fighter)      Turns: 4321, Time: 00:13:57

Health: -5/114     AC: 15    Str: 27    XL:     8   Next: 15%
Magic:  8/8        EV:  7    Int:  9    God:    Ru [......]
Gold:   316        SH: 11    Dex: 12    Spells: 0 memorised, 7 levels left

rFire  . . .     SeeInvis .     B - +2 dagger (pain)
rCold  . . .     Clarity  .     t - +0 chain mail
rNeg   . . .     SustAb   .     c - +0 shield
rPois  .         Gourm    .     m - +1 helmet
rElec  .         Spirit   .     (no cloak)
rCorr  .         Warding  .     k - +1 pair of gloves
rMut   .         Stasis   .     (no boots)
MR     ++...                    v - amulet of rage
Stlth  ..........               (no ring)
                                y - ring of protection from magic

@: berserking (expiring), non-regenerating, very quick, very resistant to
hostile enchantments, extremely unstealthy
A: damage resistance, recharge devices, sense surroundings 1, slow healing 3
a: Device Recharging, Renounce Religion, Evoke Berserk Rage


You were on level 5 of the Dungeon.
You worshipped Ru.
Ru was noncommittal.
You were hungry.

You visited 2 branches of the dungeon, and saw 6 of its levels.

You collected 316 gold pieces.

Inventory:

Hand weapons
 B - a +2 dagger of pain (weapon)
Armour
 c - a +0 shield (worn)
 k - a +1 pair of gloves (worn)
 m - a +1 helmet (worn)
 t - a +0 chain mail (worn)
Jewellery
 v - an amulet of rage (around neck)
 y - a ring of protection from magic (left hand)
Magical devices
 d - a wand of heal wounds (1)
Scrolls
 g - a scroll of blinking {unknown}
 h - 5 scrolls of remove curse {unknown}
 i - 9 scrolls of identify {unknown}
 j - a scroll of recharging {unknown}
 p - 2 scrolls of noise {unknown}
 s - 2 scrolls of teleportation {unknown}
 u - 2 scrolls of magic mapping {unknown}
 z - a scroll of amnesia {unknown}
Potions
 a - a potion of lignification {unknown}
 e - 3 potions of might
 l - a potion of heal wounds {unknown}
 n - 4 potions of curing {unknown}
 o - a potion of cancellation {unknown}
 q - a potion of agility {unknown}
 r - a potion of cure mutation {unknown}
 x - 2 potions of berserk rage {unknown}
Comestibles
 b - 2 beef jerkies
 f - 7 bread rations
 w - 2 meat rations


   Skills:
 + Level 5.8 Fighting
   Level 2.0 Maces & Flails
 + Level 6.9 Armour
 + Level 6.9 Shields


You had 7 spell levels left.
You didn't know any spells.

Dungeon Overview and Level Annotations

Branches:
Dungeon (5/15)             Temple (1/1) D:5

Altars:
Ashenzari
Cheibriados
Dithmenos
Elyvilon
Gozag
Nemelex Xobeh
Okawaru
Qazlal
Ru
Sif Muna
Trog
Vehumet
Xom
Yredelemnul
Zin
The Shining One

Shops:
D:5 (


Innate Abilities, Weirdness & Mutations

You are resistant to damage.
You can recharge devices by infusing magical energy.
You passively map a small area around you.
You do not heal naturally.


Message History

You hit the gargoyle but do no damage.
The gargoyle is lightly damaged.
The gargoyle hits you with a flail.
* * * LOW HITPOINT WARNING * * *
You barely miss the gargoyle.
The gargoyle is lightly damaged.
You barely miss the gargoyle.
The gargoyle is lightly damaged.
The gargoyle closely misses you.
You hit the gargoyle but do no damage.
The gargoyle is lightly damaged.
You hit the gargoyle but do no damage.
The gargoyle is lightly damaged.
The gargoyle hits you with a flail.
* * * LOW HITPOINT WARNING * * *
You barely miss the gargoyle.
The gargoyle is lightly damaged.
The gargoyle hurls a stone arrow at you.
The stone arrow hits you!
You die...

#........#......############....#
............∩....................
#........#............###..#.####
+..........................#.#
#........#............###.##.#
...(.....#.#####.....<# ...#.#
...(.....#.# #....##.#.#..#.####
...(.....#.# #.#####.#.####.....
(.(......#.# #.@.....#.## #.....
.#######.#.# ####9'#### ...#.....
.#######.#.###≈≈≈..≈≈≈# #.#.....
...........##≈≈≈≈..≈≈≈≈# #.......
....###.####≈≈≈9≈..≈≈≈≈≈####)####
....# #.#*#≈≈≈≈≈≈..≈≈≈≈≈≈ #.# #
....# #.##≈≈≈≈≈≈≈..≈≈≈≈≈≈≈*#.# #
....# #.#≈≈≈≈≈≈≈≈..≈≈≈≈≈ #.# #
.^..# #.#≈≈≈≈≈≈≈≈..≈≈≈ #.# #


You could see a gargoyle.

Vanquished Creatures
  The ghost of Ngotmuk the Cudgeler, an average DDFi of Ru (D:4)
  The ghost of Ngotmuk the Cudgeler, an average DDFi (D:3)
  An ice beast (D:5)
  3 centaurs (D:5)
  An orc priest (D:5)
  A centaur skeleton (D:4)
  5 orc wizards (D:5)
  A hound (D:4)
  6 adders
  A giant mite (D:3)
  2 worms (D:2)
  3 giant geckos
  5 orcs
  9 bats
  A bat skeleton (D:5)
  2 bat zombies (D:5)
  2 giant cockroaches
  11 goblins
  7 hobgoblins
  2 ball pythons (D:3)
  6 giant newts
  A jackal skeleton (D:5)
  20 kobolds
  A quokka (D:4)
  7 rats
100 creatures vanquished.

Notes
Turn   | Place    | Note
--------------------------------------------------------------
     0 | D:1      | Ngotmuk, the Deep Dwarf Fighter, began the quest for the Orb.
     0 | D:1      | Reached XP level 1. HP: 20/20 MP: 1/1
   232 | D:1      | Reached XP level 2. HP: 25/27 MP: 2/2
   864 | D:2      | Reached XP level 3. HP: 23/33 MP: 3/3
   921 | D:2      | Reached skill level 4 in Armour
  1571 | D:3      | Reached XP level 4. HP: 25/42 MP: 4/4
  1572 | D:3      | Noticed Ngotmuk's ghost (average DDFi)
  2203 | D:4      | Reached XP level 5. HP: 39/49 MP: 5/5
  2516 | D:4      | Noticed Ngotmuk's ghost (average DDFi)
  2572 | D:3      | Killed Ngotmuk's ghost
  2572 | D:3      | Reached skill level 5 in Armour
  2572 | D:3      | Reached skill level 5 in Shields
  2572 | D:3      | Reached XP level 6. HP: 34/58 MP: 6/6
  3316 | D:4      | Killed Ngotmuk's ghost
  3316 | D:4      | Reached skill level 5 in Fighting
  3316 | D:4      | Reached XP level 7. HP: 60/67 MP: 7/7
  3535 | D:5      | Entered Level 5 of the Dungeon
  3588 | D:5      | Reached skill level 6 in Armour
  3921 | D:5      | Reached XP level 8. HP: 31/75 MP: 8/8
  4002 | D:5      | Found Atiemupi's Weapon Emporium.
  4071 | D:5      | Found a staircase to the Ecumenical Temple.
  4084 | Temple   | Entered the Ecumenical Temple
  4177 | Temple   | Became a worshipper of Ru the Awakened
  4295 | D:5      | Noticed a gargoyle
  4321 | D:5      | Killed from afar by a gargoyle

Action                   |  1- 3 |  4- 6 |  7- 9 || total
-------------------------+-------+-------+-------++-------
Melee: Flail             |   174 |   167 |    73 ||   414
       Dagger            |       |       |    48 ||    48
 Abil: Evoke Berserk Rag |       |     1 |     1 ||     2
Evoke: Wand              |       |     2 |     2 ||     4
  Use: Potion            |       |     1 |       ||     1
       Scroll            |       |       |     1 ||     1
  Eat: Fruit             |     2 |     1 |       ||     3
       Bread ration      |     1 |       |       ||     1
       Meat ration       |       |     1 |       ||     1
